Map: Orbital Shipyard

Players

Tauri - Winner!

  • Race: Protoss Protoss
  • League: Diamond

LilDicky

  • Race: Terran Terran
  • League: Diamond

VOD

http://www.twitch.tv/tumescentpie

Description

Time

  • Played on: Dec. 8, 2015, 11:04 a.m.
  • Length: 9:18
Show
View Real Time Build Order
Export as new Build Order

Tauri Protoss - Winner!

Build Orders: 1 Gate Expand, Blink Stalkers 

Get SALT Encoding   

  12  0:01  Probe (Chrono Boost)  
  13  0:12  Probe (Chrono Boost)  
  14  0:17  Pylon  
  14  0:23  Probe (Chrono Boost)  
  15  0:36  Probe (Chrono Boost)  
  15  0:41  Gateway  
  16  0:46  Probe (Chrono Boost)  
  17  0:52  Assimilator  
  18  0:57  Probe (Chrono Boost)  
  18  1:19  Nexus  
  18  1:22  Probe (Chrono Boost)  
  19  1:32  Cybernetics Core  
  20  1:42  Probe (Chrono Boost)  
  20  1:53  Probe (Chrono Boost)  
  21  1:59  Gateway  
  21  2:01  Assimilator  
  21  2:03  Probe (Chrono Boost)  
  22  2:13  Pylon  
  22  2:14  Probe (Chrono Boost)  
  23  2:17  Warp Gate (Chrono Boost)  
  23  2:29  Probe  
  23  2:30  Probe  
  23  2:33  Adept (Chrono Boost)  
  26  2:40  Probe  
  26  2:42  Mothership Core  
  29  2:46  Adept (Chrono Boost)  
  29  2:50  Probe  
  32  3:09  Probe  
  32  3:11  Probe  
  34  3:20  Probe  
  34  3:23  Probe, Twilight Council  
  34  3:24  Robotics Facility  
  36  3:30  Probe  
  37  3:35  Probe  
  37  3:40  Pylon  
  38  3:43  Pylon  
  38  3:58  Blink  
  38  4:03  Pylon  
  38  4:09  Probe x2  
  36  4:11  Observer (Chrono Boost)  
  38  4:23  Probe x2  
  40  4:26  Stalker x2  
  44  4:33  Gateway  
  44  4:35  Probe x2  
  44  4:36  Gateway  
  46  4:43  Assimilator  
  46  4:49  Assimilator  
  46  4:56  Robotics Bay  
  46  5:01  Pylon x2  
  46  5:19  Probe x2, Warp Prism (Chrono Boost)  
  46  5:20  Stalker x2  
  54  5:39  Probe x2, Nexus, Pylon  
  56  5:46  Disruptor (Chrono Boost)  
  56  5:49  Gravitic Drive (Chrono Boost)  
  59  5:57  Probe x2  
  59  6:03  Stalker x3  
  67  6:09  Stalker, Probe  
  70  6:17  Pylon x2  
  70  6:32  Observer  
  70  6:35  Probe x2  
  70  6:37  Stalker x4  
  70  6:39  Pylon  
  82  6:47  Probe x2  
  82  6:51  Observer  
  84  7:01  Stalker x4  
  90  7:29  Disruptor  
  90  7:31  Probe  
  90  7:32  Probe x2  
  93  7:39  Assimilator  
  93  7:41  Adept  
  93  7:42  Adept x3  
  93  7:44  Assimilator  
  101  7:46  Probe  
  101  7:47  Probe x2  
  104  7:53  Pylon  
  104  7:54  Pylon  
  104  7:56  Pylon  
  104  7:58  Gateway  
  104  8:00  Disruptor  
  107  8:25  Stalker x4  
  117  8:57  Stalker  
  117  8:58  Stalker x3  
Show
View Real Time Build Order
Export as new Build Order

LilDicky Terran 

Build Orders: MMM Bio 

Get SALT Encoding   

  12  0:03  SCV  
  13  0:15  SCV  
  13  0:21  Supply Depot  
  14  0:27  SCV  
  15  0:34  Refinery  
  15  0:42  SCV  
  16  0:46  Barracks  
  16  0:54  SCV  
  17  1:07  SCV  
  18  1:20  SCV  
  19  1:28  Refinery  
  19  1:33  Supply Depot, Marine  
  21  1:41  Orbital Command  
  20  1:48  Factory  
  20  1:51  Marine  
  21  2:10  Barracks  
  21  2:12  Barracks  
  21  2:13  SCV  
  22  2:28  SCV  
  23  2:30  Barracks Reactor  
  23  2:41  Widow Mine  
  25  2:44  Supply Depot  
  25  2:49  Starport  
  25  2:52  SCV  
  25  2:57  Barracks Tech Lab  
  26  3:01  Barracks Tech Lab  
  26  3:07  SCV  
  26  3:09  Widow Mine  
  28  3:17  Marine x2  
  30  3:21  Stimpack  
  30  3:29  Medivac  
  30  3:32  Marine  
  33  3:35  Marine  
  33  3:37  Marine  
  35  3:54  Widow Mine  
  37  3:55  Marine  
  37  3:56  Marine  
  39  4:16  Marine  
  39  4:33  Supply Depot, Marine x3, Widow Mine  
  39  4:34  Marine  
  45  4:42  Command Center  
  45  4:51  Combat Shields, Marine  
  46  4:54  Starport Reactor  
  46  4:58  Supply Depot  
  46  5:01  Widow Mine  
  38  5:18  SCV, Marine x2  
  38  5:19  Marine  
  42  5:22  Concussive Shells  
  42  5:24  Marine  
  42  5:27  Liberator  
  43  5:33  Liberator  
  42  5:36  Marine x2  
  42  5:40  SCV  
  51  5:59  Orbital Command  
  51  6:01  SCV  
  52  6:04  Marine  
  52  6:06  Marine  
  54  6:13  SCV  
  54  6:14  Marine  
  54  6:15  Factory Tech Lab  
  56  6:22  Marine x2  
  56  6:24  Marine  
  56  6:25  SCV  
  60  6:27  SCV  
  61  6:32  Medivac  
  61  6:35  Medivac  
  61  6:36  Marine  
  66  6:44  SCV x2  
  66  6:45  Marine  
  66  6:46  Marine  
  70  6:56  SCV  
  70  6:59  Siege Tank  
  74  7:03  SCV, Marine  
  74  7:04  Marine x2  
  78  7:09  Marine  
  78  7:10  SCV  
  78  7:40  Supply Depot x2  
  78  7:43  Command Center  
  83  7:44  SCV x2, Siege Tank  
  83  7:50  Marine x2  
  85  7:53  Refinery  
  85  7:54  Refinery  
  85  7:56  SCV  
  85  7:57  Engineering Bay  
  86  8:01  SCV  
  86  8:04  Supply Depot  
  87  8:08  Supply Depot, SCV  
  85  8:13  SCV  
  81  8:39  Siege Tank, Marine x2  
  81  8:40  Marine  
  81  8:41  Marauder  
Tags
 
Add a new tag
Caveats
  • Supply blocks, unpowered buildings, or Contaminate may cause inaccurate times.
  • Supply counts are checked every 10 seconds.